cohdb
Replays
Latest Replays
All Replays
Popular Replays
Top Player Replays
Match Explorer
How It Works
Community
CoH3 Stats
Reddit
Sign in to upload your games and track your stats! →
Sign in with Steam
Match 20973278
Unlisted
Match 20973278
Overview
Messages
Build Orders
End
Construct Barracks
Riflemen Squad
Selects Armored Battlegroup
Selects Veteran Crews
Riflemen Squad
Riflemen Squad
Grenade Package
Infantry Support Center
Demolitions Package
Construct Motor Pool
M1 Mortar Team
M8 Greyhound Armored Car
Selects Fast Deploy
Selects M31 Recovery Vehicle
M24 Chaffee Light Tank
Construct Medical Station
M1918 Browning Automatic Rifles
M31 Recovery Vehicle
Munitions Surplus
M24 Chaffee Light Tank
Selects M8 Scott SPG
M1 Anti-tank Gun Team
M1 Anti-tank Gun Team
Construct Tank Depot
M4(105) Sherman Bulldozer
M18 Hellcat Tank Destroyer
Selects War Machine
FutureNP
nub
Gatom
Qhunter
0
0
Comments
sign in to comment!
No comments posted yet!